Unix NetHack Version 3.7.0-62 Work-in-progress - last build Aug 7 2022 04:32:40 (f254b98e4f4e6c2f4e816e90bd3419c5233a8e5f,branch:master). Game began 2022-08-15 14:47:31, ended 2022-08-15 14:57:33. Merlek, neutral male human Wizard |.<| -..| ...| ...| --.| |.| ------- |.-- -.|.|.. -..----|........ - .......|....|..- .. -..---.....-|..| .. --- ---- --.| ... |.| GG. |.-- ./ |...----)- -....h@- |..---.. ---- Merlek the Conjurer St:11 Dx:16 Co:12 In:16 Wi:13 Ch:8 Neutral Dlvl:4 $:315 HP:0(33) Pw:12(63) AC:8 Xp:5/196 T:1581 Latest messages: Welcome to experience level 5. The gnome picks up a black gem. In what direction? The spell hits the gnome! You kill the gnome! The gnome wields 4 daggers! There is a gnome corpse here; eat it? [ynq] (n) This gnome corpse tastes okay. You stop eating the gnome corpse. The gnome thrusts one of his daggers. The gnome hits! In what direction? The spell hits the gnome! You kill the gnome! A smoky potion shatters! You smell a peculiar odor... A puce potion shatters! You smell a peculiar odor... The spell hits the gnome lord! The hobbit wields a dagger! In what direction? The spell hits the gnome lord! You kill the gnome lord! The hobbit picks up 4 daggers. You hear some noises. You kill the hobbit! The gnome shoots 2 crossbow bolts! The 1st crossbow bolt misses you. You are hit by the 2nd crossbow bolt. In what direction? The spell misses the dwarf. The spell misses it. It misses the dwarf. You miss the dwarf. It misses the dwarf. You miss the dwarf. It misses the dwarf. The dwarf swings her broad pick. The dwarf hits! It misses the dwarf. You miss the dwarf. It misses the dwarf. The dwarf swings her broad pick. The dwarf hits! You die... Do you want your possessions identified? [ynq] (y) Do you want to see your attributes? [ynq] (y) Do you want an account of creatures vanquished? [ynaq] (y) Do you want to see your conduct and achievements? [ynq] (y) Do you want to see the dungeon overview? [ynq] (y) Major events: Turn 1: Merlek the neutral male human Wizard entered the dungeon 444: entered the Gnomish Mines 1099: attained the rank of Conjurer (level 3) 1581: killed by a dwarf Inventory: Amulets L - a cursed amulet of strangulation Weapons G - 6 +0 silver arrows q - 20 +0 darts (at the ready) J - 4 +0 daggers a - a blessed +1 quarterstaff (weapon in hands) Armor v - an uncursed +0 orcish helm p - an uncursed +0 pair of kicking boots (being worn) b - an uncursed +0 cloak of magic resistance (being worn) Comestibles D - an uncursed slime mold A - an uncursed lichen corpse Scrolls j - an uncursed scroll of confuse monster u - an uncursed scroll of destroy armor w - an uncursed scroll of fire s - an uncursed scroll of food detection k - an uncursed scroll of identify B - an uncursed scroll of identify i - an uncursed scroll of light K - an uncursed scroll of remove curse y - an uncursed scroll of taming n - an uncursed scroll of teleportation Spellbooks m - an uncursed spellbook of cure sickness l - a blessed spellbook of force bolt x - an uncursed spellbook of remove curse Potions z - an uncursed potion of gain energy g - an uncursed potion of sickness h - an uncursed potion of sleeping o - a cursed potion of sleeping f - an uncursed potion of speed Rings e - an uncursed +3 ring of increase damage (on right hand) H - an uncursed ring of slow digestion d - an uncursed ring of teleport control t - a cursed ring of teleport control Wands c - a wand of cold (0:3) Tools E - an uncursed stethoscope I - an uncursed tin whistle Gems/Stones M - an uncursed aquamarine stone F - an uncursed worthless piece of black glass Merlek the Wizard's attributes: Background: You were a Conjurer, a level 5 male human Wizard. You were neutral, nominally on a mission for Thoth who was opposed by Ptah (lawful) and Anhur (chaotic). You were in the Gnomish Mines, on level 4. You entered the dungeon 1581 turns ago. You had 196 experience points, 124 more were needed to attain level 6. Basics: You had 0 out of 33 hit points. You had 12 out of 63 energy points (spell power). Your armor class was 8. Your wallet contained 315 zorkmids. Autopickup was on for '$' plus thrown, with exceptions. Final Characteristics: Your strength was 11 (limit:18/100). Your dexterity was 16 (limit:18). Your constitution was 12 (limit:18). Your intelligence was 16 (limit:18). Your wisdom was 13 (limit:18). Your charisma was 8 (limit:18). Final Status: You were not hungry. You were unencumbered. You were wielding a quarterstaff. You had basic skill with quarterstaff. Final Attributes: You were devoutly aligned. You were magic-protected. You had a small damage bonus (+3). You were warded. You are dead. Miscellaneous: You never encountered a bones level. Total elapsed playing time was 10 minutes and 1 second. Vanquished creatures: 3 gnome leaders 3 dwarves 2 giant bats a dwarf zombie a coyote a hobbit 12 gnomes 2 geckos 3 jackals 2 goblins 2 grid bugs a bat 3 lichens 3 newts 39 creatures vanquished. No species were genocided or became extinct. Voluntary challenges: You were an atheist. You read items or engraved 1 time. You never engraved Elbereth. You never genocided any monsters. You never polymorphed an object. You never changed form. You used no wishes. Achievements: You entered the Gnomish Mines. You entered a shop. You attained the rank of Conjurer. The Dungeons of Doom: levels 1 to 5 Level 1: Level 2: A fountain, a sink. Stairs down to The Gnomish Mines. Level 3: "non-id boots 67" A general store. Level 4: "vault" A fountain. Level 5: The Gnomish Mines: levels 3 to 4 Level 3: Level 4: <- You were here. Final resting place for you, killed by a dwarf. Game over: ---------- / \ / REST \ / IN \ / PEACE \ / \ | Merlek | | 315 Au | | killed by a | | dwarf | | | | | | 2022 | *| * * * | * _________)/\\_//(\/(/\)/\//\/|_)_______ Goodbye Merlek the Wizard... You died in The Gnomish Mines on dungeon level 4 with 1268 points, and 315 pieces of gold, after 1581 moves. You were level 5 with a maximum of 33 hit points when you died.